 Dungeon Crawl Stone Soup version 0.19.1-1-g22dce08 (webtiles) character file.

47808 Mesmaeker13 the Spear-Bearer (level 14, -2/113 HPs)
             Began as a Merfolk Skald on Dec 29, 2016.
             Was a High Priest of the Shining One.
             Killed by divine providence
             ... invoked by a meliai
              (13 damage)
             ... on level 6 of the Lair of Beasts.
             The game lasted 01:18:12 (22893 turns).

Mesmaeker13 the Spear-Bearer (Merfolk Skald)       Turns: 22893, Time: 01:18:14

Health: -2/113     AC: 13    Str: 14    XL:     14   Next: 43%
Magic:  19/19      EV: 20    Int: 14    God:    the Shining One [*****.]
Gold:   1184       SH: 15    Dex: 20    Spells: 4 memorised, 8 levels left

rFire  + . .     SeeInvis .     G - +7 trident
rCold  + . .     Gourm    .     E - +0 leather armour {rF+}
rNeg   + + .     Faith    .     R - +2 shield {AC+3}
rPois  .         Spirit   .     i - +0 helmet
rElec  +         Reflect  .     g - +1 cloak of Starlight {rElec rC+ EV+4 Stlth--}
rCorr  .         Harm     .     x - +1 pair of gloves
MR     ++...                    k - +1 pair of boots {Stlth+}
Stlth  ..........               (no amulet)
                                r - +6 ring of dexterity
                                C - ring of protection from magic

@: glowing, repel missiles
A: change form in water, swift swim, stealthy swim
a: Divine Shield, Cleansing Flame, Summon Divine Warrior, Renounce Religion


You were on level 6 of the Lair of Beasts.
You worshipped the Shining One.
The Shining One was extremely pleased with you.
You were full.

You visited 3 branches of the dungeon, and saw 17 of its levels.
You also visited: Labyrinth.

You collected 1184 gold pieces.

Inventory:

Hand Weapons
 G - a +7 trident (weapon)
Missiles
 I - 2 throwing nets
 T - 6 javelins (quivered)
Armour
 g - the +1 cloak of Starlight (worn) {rElec rC+ EV+4 Stlth--}
   (You found it on level 1 of the Lair of Beasts)

   It affects your evasion (+4).
   It protects you from cold.
   It insulates you from electricity.
   It makes you much less stealthy.
 i - a +0 helmet (worn)
 k - a +1 pair of boots of stealth (worn)
 x - a +1 pair of gloves (worn)
 E - a +0 leather armour of fire resistance (worn)
 R - a +2 shield of protection (worn)
Magical Staves
 y - an uncursed staff of earth {unknown}
Jewellery
 l - an uncursed ring of resist corrosion
 r - a +6 ring of dexterity (right hand)
 A - a +4 ring of protection
 C - a ring of protection from magic (left hand)
Wands
 a - a wand of hasting (3/9)
 n - a wand of teleportation (8/9)
 p - a wand of lightning (2/15)
Scrolls
 c - 2 scrolls of vulnerability {unknown}
 e - a scroll of holy word {unknown}
 f - 2 scrolls of fog
 j - a scroll of remove curse
 J - a scroll of brand weapon {unknown}
 M - a scroll of summoning {unknown}
 P - 2 scrolls of teleportation
 X - a scroll of torment {unknown}
 Y - 2 scrolls of blinking
Potions
 b - a potion of cure mutation {unknown}
 m - 2 potions of berserk rage
 q - 2 potions of curing
 t - a potion of invisibility
 w - a potion of brilliance {unknown}
 z - 3 potions of flight
 B - a potion of lignification {unknown}
 D - a potion of might {unknown}
 F - a potion of ambrosia {unknown}
 H - 2 potions of resistance {unknown}
 N - a potion of cancellation {unknown}
 O - 2 potions of agility {unknown}
Books
 u - a book of Flames

   Spells                             Type                      Level
   a - Flame Tongue                   Conjuration/Fire             1
   b - Throw Flame                    Conjuration/Fire             2
   c - Conjure Flame                  Conjuration/Fire             3
   d - Inner Flame                    Hexes/Fire                   3
   e - Sticky Flame                   Conjuration/Fire             4
   f - Fireball                       Conjuration/Fire             5
 v - a book of Party Tricks

   Spells                             Type                      Level
   a - Summon Butterflies             Summoning                    1
   b - Apportation                    Translocation                1
   c - Lesser Beckoning               Translocation                3
   d - Tukima's Dance                 Hexes                        3
   e - Alistair's Intoxication        Transmutation/Poison         5
   f - Invisibility                   Hexes                        6
 K - a book of Callings

   Spells                             Type                      Level
   a - Summon Small Mammal            Summoning                    1
   b - Call Imp                       Summoning                    2
   c - Call Canine Familiar           Summoning                    3
   d - Summon Guardian Golem          Hexes/Summoning              3
   e - Summon Lightning Spire         Summoning/Air                4
   f - Summon Ice Beast               Ice/Summoning                4
Miscellaneous
 L - a crystal ball of energy
Comestibles
 d - 4 bread rations
 h - 2 chunks of flesh
 o - 2 fruits


   Skills:
 - Level 11.0 Fighting
 + Level 13.3 Polearms
 - Level 0.6 Armour
 - Level 7.0 Dodging
 + Level 12.7 Shields
 - Level 2.0 Spellcasting
 - Level 8.2 Hexes
 - Level 12.0 Charms
 - Level 3.0 Translocations
 - Level 1.2 Air Magic
 + Level 7.2 Invocations


You had 8 spell levels left.
You knew the following spells:

 Your Spells              Type           Power        Failure   Level  Hunger
b - Song of Slaying       Chrm           #####...     1%          2    ###....
c - Shroud of Golubria    Chrm/Tloc      ###.......   2%          2    ###....
d - Spectral Weapon       Hex/Chrm       ####....     1%          3    ####...
e - Repel Missiles        Chrm/Air       ###...       4%          2    ###....


Dungeon Overview and Level Annotations

Branches:
Dungeon (10/15)            Temple (1/1) D:5            Lair (6/6) D:8
  Swamp (0/4) Lair:3       Spider (0/4) Lair:2        Slime (0/5) Lair:5
    Orc: D:9-12

Altars:
Ashenzari
Cheibriados
Dithmenos
Elyvilon
Fedhas
Gozag
Hepliaklqana
Kikubaaqudgha
Makhleb
Nemelex Xobeh
Okawaru
Qazlal
Ru
Sif Muna
Trog
Uskayaw
Vehumet
Xom
Yredelemnul
Zin
The Shining One
Beogh
Jiyva

Shops:
D:8 :   D:10 :


Message History

You block the meliai's attack.
The killer bee stings the plant.
You block the killer bee's attack. The killer bee closely misses you. x2
The meliai calls down the wrath of its god upon you.
Something smites you!
* * * LOW HITPOINT WARNING * * *
The killer bee stings the plant but does no damage.
The meliai mumbles some strange prayers to its god against you.
Something smites you!
* * * LOW HITPOINT WARNING * * *
The killer bee stings the plant but does no damage.
The killer bee misses you.
The killer bee stings the plant but does no damage.
The meliai calls down the wrath of its god upon you.
Something smites you!
* * * LOW HITPOINT WARNING * * *
The killer bee stings the plant but does no damage.
You block the killer bee's attack. The killer bee completely misses you.
The meliai calls down the wrath of its god upon you.
Something smites you!
You die...

.....P....PP.....P..P...#.....PPP
...............................P.
............P.....P..........#..P
.................................
##..P.....##P.......#.......#....
.................................
......PP#....#...P....P#.........
................yyyyt............
.....#..#.......@.yP....P........
..........P......yyy.............
....####...PPP...#yy.............
.....=...##.......##....P.......P
.................................
....PP.........................PP
.................................
......P........P.........#...P..#
.........)....PPP................


You could see a crocodile, 2 meliai and 8 killer bees.

Vanquished Creatures
  Josephine (D:9)
  A minotaur (Lab)
  3 hydras
  10 death yaks
  The ghost of ohad the Martial Artist, a novice DsBe of Trog (D:10)
  The ghost of bombpersons the Nimble, a novice SpMo of Uskayaw (Lair:1)
  The ghost of senseless the Carver, a novice HuMo of Hepliaklqana (D:7)
  A hill giant (D:10)
  A necromancer (D:9)
  A lindwurm (Lair:5)
  A wolf spider (Lair:2)
  9 elephants
  4 black mambas
  11 spiny frogs
  2 rime drakes
  5 komodo dragons
  A merfolk (D:9)
  A troll (D:9)
  A tyrant leech (Lair:3)
  4 jumping spiders (Lair:2)
  17 blink frogs
  6 dream sheep (Lair:6)
  9 hippogriffs
  4 flying skulls (D:9)
  2 shadows (D:9)
  36 yaks
  5 wraiths (D:9)
  2 wyverns
  Grum (D:9)
  4 fire bats (Lair:5)
  A steam dragon (Lair:3)
  4 basilisks
  Menkaure (D:4)
  20 water moccasins
  7 porcupines
  6 orc warriors
  2 eyes of draining
  A black bear (D:7)
  3 phantoms
  An ice beast (D:6)
  2 necrophages
  A sky beast (D:9)
  7 wolves
  4 ogres
  A big kobold (D:7)
  7 crocodiles
  20 bullfrogs
  A wyvern zombie (D:9)
  6 scorpions
  2 wights (D:9)
  5 crimson imps
  2 quasits
  A gnoll shaman (D:6)
  5 hounds
  3 bullfrog skeletons
  4 bullfrog zombies
  5 jellies
  3 orc priests
  14 orc wizards
  3 centaur skeletons (D:9)
  Ijyb (D:2)
  2 iguanas
  4 hell rats
  5 worker ants
  2 killer bee zombies (D:9)
  A hound zombie (D:7)
  7 hound skeletons
  3 worker ant zombies
  6 adders
  4 gnolls (D:6)
  2 shadow imps
  2 oozes (D:2)
  2 adder zombies
  4 adder skeletons
  4 worms
  4 leopard geckos
  54 orcs
  10 bats
  4 giant cockroaches
  9 goblins
  4 hobgoblins
  11 jackals
  12 kobolds
  A quokka (D:5)
  A ball python (D:1)
  6 frilled lizards
  A leopard gecko skeleton (D:6)
  A quokka skeleton (D:4)
  2 quokka zombies
  3 rats (D:1)
460 creatures vanquished.

Vanquished Creatures (collateral kills)
  An ice beast (D:8)
  An orc wizard (D:8)
  An orc (D:8)
3 creatures vanquished.

Vanquished Creatures (others)
  26 fungi
  13 plants
  32 spectral weapons
71 creatures vanquished.

Grand Total: 534 creatures vanquished

Notes
Turn   | Place    | Note
-------+----------+-------------------------------------------
     0 | D:1      | Mesmaeker13 the Merfolk Skald began the quest for the Orb.
     0 | D:1      | Reached XP level 1. HP: 16/16 MP: 3/3
    63 | D:1      | Reached XP level 2. HP: 19/22 MP: 3/5
   906 | D:2      | Reached XP level 3. HP: 20/27 MP: 0/6
   977 | D:2      | Learned a level 2 spell: Song of Slaying
  1057 | D:2      | Noticed Ijyb
  1074 | D:2      | Killed Ijyb
  1074 | D:2      | Reached skill level 4 in Polearms
  1074 | D:2      | Reached XP level 4. HP: 29/33 MP: 0/7
  2045 | D:3      | Noticed an ogre
  2053 | D:4      | Noticed a phantom
  2092 | D:4      | Learned a level 2 spell: Shroud of Golubria
  2157 | D:4      | Noticed Menkaure
  2181 | D:3      | Reached XP level 5. HP: 38/38 MP: 3/8
  2790 | D:3      | Found a faded altar of an unknown god.
  2829 | D:3      | Killed an ogre
  2829 | D:3      | Reached skill level 5 in Polearms
  2829 | D:3      | Reached XP level 6. HP: 44/44 MP: 3/9
  3072 | D:3      | Learned a level 3 spell: Spectral Weapon
  3102 | D:4      | Killed Menkaure
  3102 | D:4      | Reached skill level 6 in Polearms
  3102 | D:4      | Reached skill level 5 in Dodging
  3102 | D:4      | Reached skill level 5 in Charms
  3288 | D:4      | Noticed a phantom
  3326 | D:4      | Killed a phantom
  3326 | D:4      | Reached skill level 1 in Hexes
  3326 | D:4      | Reached XP level 7. HP: 50/50 MP: 7/10
  4458 | D:5      | Entered Level 5 of the Dungeon
  4496 | D:5      | Found a staircase to the Ecumenical Temple.
  4515 | Temple   | Entered the Ecumenical Temple
  4603 | Temple   | Became a worshipper of the Shining One
  5052 | D:5      | Reached XP level 8. HP: 43/56 MP: 7/11
  6087 | D:5      | Reached skill level 1 in Shields
  6252 | D:6      | Found a burning altar of Makhleb.
  6408 | D:6      | Reached * piety under the Shining One
  6991 | D:7      | Noticed senseless's ghost (novice HuMo)
  7121 | D:8      | Reached XP level 9. HP: 51/65 MP: 6/12
  7126 | D:8      | Reached skill level 5 in Hexes
  7356 | D:8      | Reached skill level 7 in Polearms
  7673 | D:8      | Found a staircase to the Lair.
  8006 | D:8      | Got a brightly glowing dagger
  8007 | D:8      | Found Duteut's Book Boutique.
  8175 | D:7      | Reached skill level 8 in Polearms
  8878 | D:7      | Killed senseless's ghost
  8878 | D:7      | Reached skill level 9 in Polearms
  8878 | D:7      | Reached skill level 5 in Shields
  9037 | D:7      | Reached XP level 10. HP: 71/71 MP: 13/13
  9300 | D:9      | Noticed Grum
  9435 | Lair:1   | Entered Level 1 of the Lair of Beasts
  9435 | Lair:1   | Noticed a spiny frog
  9435 | Lair:1   | Noticed a spiny frog
  9435 | Lair:1   | Reached ** piety under the Shining One
  9909 | Lair:1   | Got a jewelled long sword
 10213 | Lair:1   | Reached skill level 10 in Polearms
 10801 | Lair:1   | Noticed bombpersons's ghost (novice SpMo)
 11294 | Lair:1   | Reached skill level 5 in Fighting
 12070 | D:9      | Reached *** piety under the Shining One
 12111 | D:9      | Noticed a necromancer
 12120 | D:9      | Killed a necromancer
 12120 | D:9      | Reached XP level 11. HP: 82/82 MP: 6/14
 12233 | D:9      | Noticed Josephine
 12246 | D:9      | Killed Josephine
 12266 | D:9      | Reached **** piety under the Shining One
 12553 | D:9      | Killed Grum
 12819 | D:9      | Got a fine silver amulet
 12820 | D:9      | Identified the amulet "Xuiluet" {Faith rC+ Int-4 Dex+4 Stlth+} (You found it on level 9 of the Dungeon)
 13533 | D:10     | Entered Level 10 of the Dungeon
 13552 | D:10     | Noticed a hill giant
 13567 | D:10     | Killed a hill giant
 13567 | D:10     | Reached skill level 10 in Charms
 13696 | D:10     | Noticed ohad's ghost (novice DsBe)
 13721 | D:10     | Killed ohad's ghost
 13721 | D:10     | Reached skill level 1 in Translocations
 13908 | D:10     | Found Qesezex's Book Emporium.
 13954 | D:10     | Identified the +3 long sword "Goblinslayer" {protect, rC+ Dex+4 Stlth+} (You found it on level 1 of the Lair of Beasts)
 13955 | D:10     | Identified the cursed +0 dagger of Hepp {freeze, Str-3 Int+3 Dex+2} (You found it on level 8 of the Dungeon)
 14106 | D:10     | Found a roughly hewn altar of Beogh.
 14165 | D:10     | Reached XP level 12. HP: 57/94 MP: 4/15
 14669 | Lair:1   | Killed bombpersons's ghost
 15064 | Lair:1   | Learned a level 2 spell: Repel Missiles
 15201 | Lair:2   | Reached skill level 10 in Shields
 15490 | Lair:2   | Noticed a seven-headed hydra
 15726 | Lair:2   | Reached skill level 10 in Fighting
 15883 | Lair:2   | Killed a seven-headed hydra
 16615 | Lair:2   | Reached XP level 13. HP: 83/104 MP: 9/16
 16993 | Lair:2   | Found a hole to the Spider Nest.
 17256 | Lair:3   | Found a staircase to the Swamp.
 17782 | Lair:3   | Reached skill level 1 in Air Magic
 18595 | Lair:4   | Reached skill level 1 in Invocations
 19300 | Lair:5   | Reached skill level 11 in Polearms
 19327 | Lair:5   | Found a viscous altar of Jiyva.
 19327 | Lair:5   | Found a staircase to the Slime Pits.
 20133 | Lair:4   | Reached skill level 12 in Polearms
 20133 | Lair:4   | Reached skill level 5 in Invocations
 20150 | Lair:4   | Reached XP level 14. HP: 88/113 MP: 13/17
 21260 | Lair:6   | Entered Level 6 of the Lair of Beasts
 21391 | Lair:6   | Reached skill level 13 in Polearms
 21762 | Lair:6   | Reached ***** piety under the Shining One
 21772 | Lair:6   | Found a labyrinth entrance.
 21822 | Lab      | Entered a labyrinth
 22893 | Lair:6   | Killed from afar by a meliai

Skill      XL: |  1  2  3  4  5  6  7  8  9 10 11 12 13 14 |
---------------+-------------------------------------------+-----
Dodging        | 2 3 4 5 6 7 |  7.0
Polearms       | 4 5 6 9 10 12 13 | 13.3
Charms         | 4 5 6 7 8 10 11 12 | 12.0
Hexes          | 1 2 4 6 7 8 |  8.2
Shields        | 3 5 7 9 10 12 | 12.7
Fighting       | 4 6 8 10 11 | 11.0
Translocations | 1 3 |  3.0
Air Magic      | 1 |  1.2
Invocations    | 5 7 |  7.2
Armour         | |  0.6
Spellcasting   | |  2.0

Action                   |  1- 3 |  4- 6 |  7- 9 | 10-12 | 13-15 || total
-------------------------+-------+-------+-------+-------+-------++-------
Melee: Spear             |   104 |   184 |   278 |       |       ||   566
       Trident           |       |       |   174 |   899 |   553 ||  1626
 Cast: Infusion          |     3 |     9 |    14 |    11 |       ||    37
       Spectral Weapon   |       |     2 |    19 |    57 |    37 ||   115
       Shroud of Golubri |       |       |     4 |    16 |    14 ||    34
       Song of Slaying   |       |       |     1 |     4 |     3 ||     8
       Repel Missiles    |       |       |       |       |     1 ||     1
Invok: Divine Shield     |       |       |       |     4 |     2 ||     6
Evoke: Wand              |       |       |       |     9 |       ||     9
  Use: Scroll            |     3 |     5 |     5 |    16 |     9 ||    38
       Potion            |       |     3 |       |     4 |     1 ||     8
 Stab: Sleeping          |       |     1 |       |       |       ||     1
  Eat: Chunk             |     1 |     7 |     9 |    22 |    19 ||    58
       Bread ration      |       |       |     3 |     3 |     3 ||     9
Armor: Leather armour    |    19 |    28 |    96 |   144 |    54 ||   341
Dodge: Dodged            |    60 |    71 |   243 |   496 |   251 ||  1121
       Deflected         |       |       |       |       |     4 ||     4
Block: Other             |       |       |       |     6 |       ||     6
       Shield            |       |       |       |   141 |   253 ||   394
       Reflection        |       |       |       |     2 |     2 ||     4
